 Dungeon Crawl Stone Soup version 0.18-a0-1748-g7377c14 (webtiles) character file.

28 Geeful the Chiller (level 3, -5/21 HPs)
             Began as an Octopode Ice Elementalist on Apr 12, 2016.
             Slain by a gnoll
             ... wielding a +0 flail
              (6 damage)
             ... on level 2 of the Dungeon.
             The game lasted 00:04:37 (1653 turns).

Geeful the Chiller (Octopode Ice Elementalist)      Turns: 1653, Time: 00:04:37

Health: -5/21      AC:  6    Str:  5 (7)  XL:     3   Next: 14%
Magic:  6/6        EV: 12    Int: 15 (18) God:
Gold:   37         SH:  0    Dex: 11 (12) Spells: 2 memorised, 2 levels left

rFire  . . .     SeeInvis .     n - +1 short sword
rCold  . . .     Gourm    .     (no shield)
rNeg   + . .     Faith    .     (helmet restricted)
rPois  .         Spirit   .     (no amulet)
rElec  .         Dismiss  .     g - ring of loudness (curse)
rCorr  .         Reflect  .     r - ring of positive energy
SustAt .         Harm     .     (no ring)
MR     .....                    (no ring)
Stlth  ++........               (no ring)
                                (no ring)
                                (no ring)
                                (no ring)

@: icy armour, slow, not resistant to hostile enchantments, unstealthy
A: almost no armour, amphibious, 8 rings, constrict 8, camouflage 1, gelatinous
body 1
a: no special abilities


You were on level 2 of the Dungeon.
You were hungry.

You visited 1 branch of the dungeon, and saw 2 of its levels.

You collected 37 gold pieces.

Inventory:

Hand Weapons
 f - a +0 dagger
 n - a +1 short sword (weapon)
Missiles
 l - 8 tomahawks (quivered)
 m - a throwing net
Jewellery
 g - a cursed ring of loudness (left tentacle)
 r - a ring of positive energy (right tentacle)
Scrolls
 p - a scroll of recharging {unknown}
Potions
 h - 2 potions of lignification
 i - a potion of curing {unknown}
 j - a potion of might {unknown}
Books
 a - a book of Frost

   Spells                             Type                      Level
   a - Freeze                         Ice                          1
   b - Throw Frost                    Conjuration/Ice              2
   c - Ozocubu's Armour               Charms/Ice                   3
   d - Throw Icicle                   Conjuration/Ice              4
   e - Summon Ice Beast               Ice/Summoning                4
Comestibles
 b - 5 bread rations
 c - a meat ration
 k - 3 fruits
 o - a beef jerky
 q - 3 chunks of flesh


   Skills:
 + Level 2.5 Dodging
 - Level 2.6 Stealth
 + Level 2.3 Spellcasting
   Level 1.0 Conjurations
 * Level 3.5 Ice Magic


You had 2 spell levels left.
You knew the following spells:

 Your Spells              Type           Power        Failure   Level  Hunger
a - Freeze                Ice            ##..         6%          1    #......
b - Ozocubu's Armour      Chrm/Ice       #.......     34%         3    ###....


Dungeon Overview and Level Annotations

Branches:
Dungeon (2/15)

Altars:


Innate Abilities, Weirdness & Mutations

You cannot wear most types of armour.
You are amphibious.
You can wear up to eight rings at the same time.
You can use your tentacles to constrict eight enemies at once.
Your skin changes colour to match your surroundings (Stealth).
Your rubbery body absorbs attacks (AC +1).


Message History

You hit the quokka.
The quokka is severely wounded.
You constrict the quokka.
You kill the quokka!
Casting: Freeze
Confirm with . or Enter, or press ? or * to list all spells.
A film of ice covers your body!
You are feeling hungry.
The gnoll hits you with a flail!
Ouch! That really hurt!
* * * LOW HITPOINT WARNING * * *
Drink which item? (? for menu, Esc to quit)
It was a potion of degeneration.
There was something very wrong with that liquid.
You feel weakened.
You feel dopey.
You feel clumsy. The gnoll barely misses you.
Drink which item? (? for menu, Esc to quit)
It was a potion of magic.
Magic courses through your body. The gnoll hits you with a flail.
You die...

.# ##.. .## .... #
..##### .... ##
##........# ##..##
.####.....#... .....
............. ##(g.
####.#####..## #[.# #
#...###...######.##.#
###...#......@g.)...#
###....#......#.####.
#.........##........
#......##...#..####. ####
#...##...##...##
...####...####..##......#
##...###### ##.# .####.#
###....# ....# ####.##
##..###


You could see a gnoll.

Vanquished Creatures
  A dart slug (D:1)
  A giant gecko (D:2)
  A giant cockroach (D:2)
  4 goblins
  2 hobgoblins (D:1)
  A quokka (D:2)
  2 ball pythons (D:1)
  6 bats
  2 giant newts
  3 kobolds
  3 rats
26 creatures vanquished.

Notes
Turn   | Place    | Note
--------------------------------------------------------------
     0 | D:1      | Geeful the Octopode Ice Elementalist began the quest for the Orb.
     0 | D:1      | Reached XP level 1. HP: 11/11 MP: 3/3
   210 | D:1      | Reached XP level 2. HP: 17/17 MP: 5/5
  1550 | D:2      | Reached XP level 3. HP: 21/21 MP: 6/6
  1559 | D:2      | Learned a level 3 spell: Ozocubu's Armour
  1651 | D:2      | HP: 1/21 [gnoll/flail (13)]
  1653 | D:2      | Slain by a gnoll

Vault maps used:
D:1:      mrwooster_arrival_arrow, minmay_misc_feat_x
D:2:      corexii_item_surrounded_by_moat

Action                   || total
-------------------------++-------
Melee: Dagger            ||    25
       Tentacles         ||     8
       Constrict         ||    14
       Unarmed           ||     3
       Short sword       ||    22
Throw: Tomahawk          ||     1
 Cast: Freeze            ||     7
       Ozocubu's Armour  ||     1
  Use: Scroll            ||     4
       Potion            ||     2
 Stab: Sleeping          ||     4
  Eat: Chunk             ||     2
Armor: Skin              ||     3
Dodge: Dodged            ||    29
